 Dungeon Crawl Stone Soup version 0.27.1-3-gb3d3a73c9e (webtiles) character file.

Game seed: 9825412454230171048

100 jjjjhere the Gusty (level 4, 0/24 HPs)
             Began as a Tengu Air Elementalist on Oct 20, 2021.
             Was a Follower of Kikubaaqudgha.
             Succumbed to an adder's poison
             ... on level 2 of the Dungeon on Oct 21, 2021.
             The game lasted 00:05:55 (1792 turns).

jjjjhere the Gusty (Tengu Air Elementalist)         Turns: 1792, Time: 00:05:55

Health: 0/24       AC:  2    Str:  9    XL:     4   Next: 73%
Magic:  0/9        EV: 12    Int: 16    God:    Kikubaaqudgha [*.....]
Gold:   30         SH:  0    Dex: 14    Spells: 8/9 levels left

rFire    . . .     SeeInvis .   (no weapon)
rCold    . . .     Faith    .   (no shield)
rNeg     . . .     Spirit   .   a - +0 robe
rPois    .         Reflect  .   (helmet restricted)
rElec    .         Harm     .   (no cloak)
rCorr    .         Rampage  .   (no gloves)
Will     .....                  (boots unavailable)
Stlth    ++........             (no amulet)
HPRegen  0.08/turn              (no ring)
MPRegen  0.11/turn              (no ring)

@: lethally poisoned (0 -> -3), hasted, very quick
A: beak, talons 3
a: Renounce Religion, Receive Corpses


You were on level 2 of the Dungeon.
You worshipped Kikubaaqudgha.
Kikubaaqudgha was aware of your devotion.
You visited 1 branch of the dungeon, and saw 2 of its levels.

You collected 30 gold pieces.

Inventory:

Armour
 a - a +0 robe (worn)
Scrolls
 c - 2 scrolls of identify {unknown}
 d - 2 scrolls of noise {unknown}
 h - a scroll of silence {unknown}
Potions
 e - a potion of degeneration {unknown}
 f - a potion of flight {unknown}
 g - a potion of resistance {unknown}
 i - 2 potions of heal wounds {unknown}


   Skills:
 - Level 2.1 Dodging
 - Level 2.0 Stealth
 + Level 3.0 Spellcasting
 - Level 1.3 Conjurations
 * Level 6.2 Air Magic


You had 8 spell levels left.
You knew the following spells:

 Your Spells              Type           Power      Damage    Failure   Level
a - Shock                 Conj/Air       56%        1d6       4%          1

Your spell library contained the following spells:

 Spells                   Type           Power      Damage    Failure   Level
 Swiftness                Air            22%        N/A       4%          3
 Static Discharge         Conj/Air       14%        N/A       6%          2
 Airstrike                Air            11%        N/A       14%         4
 Animate Skeleton         Necr           4%         N/A       19%         1
 Pain                     Necr           8%         1d4       19%         1
 Sublimation of Blood     Necr           1%         N/A       28%         2
 Vampiric Draining        Necr           1%         2d6       50%         3
 Lightning Bolt           Conj/Air       7%         1d19      73%         5
 Maxwell's Capacitive Co  Air            11%        ∞         100%        8


Dungeon Overview and Level Annotations

Branches:
Dungeon (2/15)

Altars:
Kikubaaqudgha


Innate Abilities, Weirdness & Mutations

You have a beak for a mouth.
You have claws for feet.


Message History

Press: ? - help, Q - select action, (/) - cycle Shift-Dir - straight line, f - adder
Aim: an adder (wandering, hasn't noticed you, 53% to hit)
The zap hits the adder.
The adder is lightly wounded.
You see here a +0 robe.
Aiming: Shock (safe; 4% risk of failure)
Press: ? - help, Q - select action, (/) - cycle Shift-Dir - straight line, f/p - adder
Aim: an adder (lightly wounded, 53% to hit)
The zap hits the adder.
The adder is severely wounded.
The adder barely misses you.
Aiming: Shock (safe; 4% risk of failure)
Press: ? - help, Q - select action, (/) - cycle Shift-Dir - straight line, f/p - adder
Aim: an adder (severely wounded, 53% to hit)
The zap misses the adder.
The adder bites you but does no damage. The adder bites you.
You are poisoned.
The adder poisons you!
You feel sick.
You feel sick.
You feel sick.
You feel sick. The adder bites you but does no damage.
You feel sick.
You feel sick.
You feel sick.
You are no longer poisoned.
The adder bites you.
* * * LOW HITPOINT WARNING * * *
You are lethally poisoned!
The adder poisons you!
Aiming: Shock (safe; 4% risk of failure)
Press: ? - help, Q - select action, (/) - cycle Shift-Dir - straight line, f/p - adder
Aim: an adder (severely wounded, 53% to hit)
The zap misses the adder.
* * * LOW HITPOINT WARNING * * *
You feel sick. The adder bites you.
* * * LOW HITPOINT WARNING * * *
It was a potion of haste.
You feel yourself speed up.
You die...
Kikubaaqudgha rasps: "You have failed me!
Welcome... death!"

######.†###.######.#
##.###.######.#
#..##......#.#
##.##......#.#####
#..#..........)<#
##.#......#.#####
#.#.####.#.#####
#...# #.......#
########@.#
#.#####.#
.........S.#
#.#####.#
...........#
#.......#
#.#######..#
#.#######
..........># #.# #
#S#######.## #.# #.
#. #.# #.#
.##.##†#######.# #.#
..........[....# #.#


You could see an adder.

Vanquished Creatures
  An orc wizard (D:2)
  Natasha (twice) (D:2)
  A worm (D:2)
  2 orcs (D:2)
  A ball python (D:1)
  3 hobgoblins (D:1)
  5 kobolds (D:1)
  A quokka (D:1)
  2 bats (D:1)
  A frilled lizard (D:1)
  A rat (D:1)
20 creatures vanquished.

Notes
Turn   | Place    | Note
-------+----------+-------------------------------------------
     0 | D:1      | jjjjhere the Tengu Air Elementalist began the quest for the
                  | Orb.
     0 | D:1      | Reached XP level 1. HP: 10/10 MP: 4/4
   123 | D:1      | Found a faded altar of an unknown god.
   130 | D:1      | Became a worshipper of Kikubaaqudgha
   130 | D:1      | Reached * piety under Kikubaaqudgha
   130 | D:1      | Received a gift from Kikubaaqudgha
   169 | D:1      | HP: 1/10 [hobgoblin (5)]
   237 | D:1      | HP: 1/10 [hobgoblin (2)]
   246 | D:1      | Reached XP level 2. HP: 2/15 MP: 1/6
  1300 | D:2      | Reached skill level 5 in Air Magic
  1494 | D:2      | Reached XP level 3. HP: 10/19 MP: 0/7
  1649 | D:2      | Noticed Natasha
  1651 | D:2      | Killed Natasha
  1652 | D:2      | Reached XP level 4. HP: 24/24 MP: 5/9
  1659 | D:2      | Noticed Natasha
  1667 | D:2      | Killed Natasha
  1668 | D:2      | Reached skill level 6 in Air Magic
  1789 | D:2      | HP: 7/24 [poisoned by an adder]
  1790 | D:2      | HP: 3/24 [adder (3)]
  1791 | D:2      | HP: 1/24 [adder (1)]
  1792 | D:2      | Succumbed to an adder's poison

Illustrated notes

Levels and vault maps discovered:
D:1:      dpeg_arrival_yet_another_circle, layout_basic,
          ebering_ecumenical_altar_box
D:2:      layout_basic, basic_altar, uniq_natasha, uniq_jessica, uniq_terence

Skill      XL: |  1  2  3  4 |
---------------+-------------+-----
Air Magic      | 5 6 |  6.2
Spellcasting   | 3 |  3.0
Dodging        | |  2.1
Stealth        | |  2.0
Conjurations   | |  1.3

Action                   |  1- 3 |  4- 6 || total
-------------------------+-------+-------++-------
Melee: Unarmed           |     5 |       ||     5
       Kick              |     2 |       ||     2
       Peck              |     2 |       ||     2
 Cast: Shock             |    39 |    18 ||    57
  Use: Potion            |       |     1 ||     1
Armor: Robe              |     5 |     3 ||     8
Dodge: Dodged            |    10 |     5 ||    15
